 Dungeon Crawl Stone Soup version 0.29.1-12-g30fa7ad0bf (webtiles) character file.

Game seed: 9308670463771701800

35 hawla the Chiller (level 3, -14/26 HPs)
             Began as a Meteoran Ice Elementalist on Dec 12, 2022.
             Demolished by a gnoll
             ... wielding the +8 quarterstaff "Dragonbane" {vorpal, rF+ rN+ Dex-3}
              (18 damage)
             ... on level 3 of the Dungeon.
             The game lasted 00:02:13 (286 turns).

hawla the Chiller (Meteoran Ice Elementalist)        Turns: 286, Time: 00:02:13

Health: -14/26     AC:  2    Str: 10    XL:     3   Next: 76%
Magic:  5/8        EV: 12    Int: 18    God:
Gold:   44         SH:  0    Dex: 14    Spells: 7/8 levels left

rFire   . . .      SeeInvis .   (no weapon)
rCold   . . .      Faith    .   (no shield)
rNeg    . . .      Spirit   .   a - +0 robe
rPois   .          Reflect  .   (no helmet)
rElec   .          Harm     .   (no cloak)
rCorr   .          Rampage  .   (no gloves)
Will    .....                   (no boots)
Stlth   +.........              (no amulet)
HPRegen 0.08/turn               (no ring)
MPRegen 0.11/turn               (no ring)

@: glowing
A: sense surroundings 1, otherworldly, glowing, explore regen
a: no special abilities


You were on level 3 of the Dungeon.
You visited 1 branch of the dungeon, and saw 3 of its levels.

You collected 44 gold pieces.

Inventory:

Armour
 a - a +0 robe (worn)
Potions
 b - a potion of magic
 d - 2 potions of heal wounds


   Skills:
 + Level 0.1 Fighting
 + Level 2.4 Dodging
 - Level 1.4 Stealth
 + Level 3.2 Spellcasting
 + Level 5.3 Ice Magic


You had 7 spell levels left.
You knew the following spells:

 Your Spells              Type           Power      Damage    Failure   Level
a - Freeze                Ice            88%        1d10      1%          1

Your spell library contained the following spells:

 Spells                   Type           Power      Damage    Failure   Level
 Frozen Ramparts          Ice            44%        1d7       5%          3
 Ozocubu's Armour         Ice            22%        N/A       5%          3
 Hailstorm                Conj/Ice       12%        3d5       47%         4


Dungeon Overview and Level Annotations

Branches:
Dungeon (3/15) Zot: 1513

Altars:


Innate Abilities, Weirdness & Mutations

You passively map a small area around you.
You are easily found by Zot.
You glow in the dark.
You regain HP and MP as you explore.


Message History

Confirm with . or Enter, or press ? or * to list all spells.
Aiming: Freeze (safe; 1% risk of failure)
Press: ? - help, Shift-Dir - straight line, f/p - gnoll
Aim: a gnoll, wielding a +0 club (moderately wounded)
You freeze the gnoll!
The gnoll is almost dead.
The gnoll barely misses you.
Unknown command.
You aren't carrying any scrolls.
Okay, then.
An endoplasm comes into view.
Casting: Freeze (safe; 1% risk of failure)
Confirm with . or Enter, or press ? or * to list all spells.
Aiming: Freeze (safe; 1% risk of failure)
Press: ? - help, Shift-Dir - straight line, f/p - gnoll
Aim: a gnoll, wielding a +0 club (almost dead)
You freeze the gnoll!
You kill the gnoll!
Your Spellcasting skill increases to level 3!
Unknown command.
The gnoll attacks as you move away!
The gnoll hits you with the +8 quarterstaff "Dragonbane" {vorpal, rF+ rN+ Dex-3}!
* * * LOW HITPOINT WARNING * * *
x2 The gnoll attacks as you move away!
The gnoll barely misses you.
You feel much better.
The gnoll hits you with the +8 quarterstaff "Dragonbane" {vorpal, rF+ rN+ Dex-3}!!
Ouch! That really hurt!
* * * LOW HITPOINT WARNING * * *
The endoplasm quivers.
Casting: Freeze (safe; 1% risk of failure)
Confirm with . or Enter, or press ? or * to list all spells.
Aiming: Freeze (safe; 1% risk of failure)
Press: ? - help, Shift-Dir - straight line, f - endoplasm
Aim: an endoplasm You freeze the endoplasm.
The endoplasm is severely wounded.
The endoplasm closely misses you.
The gnoll hits you with the +8 quarterstaff "Dragonbane" {vorpal, rF+ rN+ Dex-3}!!
Ouch! That really hurt!
You die...

#.#.#.#.#####.......... ,
..#.#.#.# #..###...#*
....#.#.# #..####.## #
......#.#####........####.#
...............###...g.g..#
* ################
#..g####.## ###.###....
#######)........# *
#.J@ggg......##.#
#.##########.# ,# #, * #* *
*, * * * * * , , * , ,, * *
, * ,


You could see 3 gnolls and an endoplasm.

Vanquished Creatures
  A gnoll (D:3)
  A dart slug (D:3)
  An endoplasm (D:3)
  5 giant cockroaches
  2 goblins
  A hobgoblin (D:2)
  2 quokkas (D:3)
  A ball python (D:1)
  A bat (D:3)
  2 frilled lizards
  3 kobolds
  A rat (D:3)
21 creatures vanquished.

Notes
Turn   | Place    | Note
-------+----------+-------------------------------------------
     0 | D:1      | hawla the Meteoran Ice Elementalist began the quest for the
                  | Orb.
     0 | D:1      | Reached XP level 1. HP: 14/14 MP: 5/5
    51 | D:1      | Reached XP level 2. HP: 18/20 MP: 0/6
   157 | D:3      | Reached skill level 5 in Ice Magic
   197 | D:3      | Reached XP level 3. HP: 19/26 MP: 2/8
   269 | D:3      | Identified the +8 quarterstaff "Dragonbane" {vorpal, rF+
                  | rN+ Dex-3}
   286 | D:3      | Demolished by a gnoll

Illustrated notes

Levels and vault maps discovered:
D:1:      spicycebolla_arrival_xxxplode, layout_loops_ring, serial_shops, shop
D:2:      layout_rooms, serial_shops, shop, basic_ecumenical_altar,
          grunt_decor_mini_mirrors
D:3:      layout_loops_ring, minmay_misc_feat_more_columns

Skill      XL: |  1  2  3 |
---------------+----------+-----
Ice Magic      | 5 |  5.3
Spellcasting   | 3 |  3.2
Fighting       | |  0.1
Dodging        | |  2.4
Stealth        | |  1.4

Action                   || total
-------------------------++-------
Melee: Unarmed           ||     2
 Cast: Freeze            ||    36
  Use: Scroll            ||     1
       Potion            ||     1
Armor: Robe              ||     3
Dodge: Dodged            ||    18
